 Dungeon Crawl Stone Soup version 0.16-a0-3820-g492871e (webtiles) character file.

307410 abixa the Earth Mage (level 21, 128/128 HPs)
             Began as a Gargoyle Earth Elementalist on Jan 24, 2015.
             Was the Champion of Vehumet.
             Quit the game on level 2 of the Vaults on Jan 28, 2015.
             The game lasted 11:02:30 (71910 turns).

abixa the Earth Mage (Gargoyle Earth Elementalist) Turns: 71910, Time: 11:02:30

Health: 128/128    AC: 45    Str: 16    XL:     21   Next: 18%
Magic:  46/46      EV: 12    Int: 27    God:    Vehumet [******]
Gold:   464        SH:  7    Dex: 12    Spells: 9 memorised, 3 levels left

rFire  + . .     SeeInvis +     a - staff of energy {!a}
rCold  + + .     Clarity  +     A - +9 pearl dragon armour
rNeg   + + +     SustAb   .     i - +2 buckler
rPois  ∞         Gourm    .     g - -2 helmet of Conscience {rC++ Int+7}
rElec  +         Spirit   .     W - +0 cloak {+Inv}
rCorr  .         Warding  .     U - +2 pair of gloves
rMut   .         Stasis   .     D - +0 pair of boots
MR     +....                    J - amulet "Pryefyobaa" {Clar rPois- rF+ rN+ MP+9 Stlth+}
Stlth  +.........               y - ring of wizardry
                                T - ring of see invisible

@: flying, somewhat resistant to hostile enchantments, very unstealthy
A: able to fly continuously, big wings, negative energy resistance 1,
electricity resistance, unbreathing, petrification resistance, rot immunity, AC
+15
a: Stop Flying, Renounce Religion, Evoke Invisibility
}: 2/15 runes: barnacled, gossamer


You were on level 2 of the Vaults.
You worshipped Vehumet.
Vehumet was exalted by your worship.
You were near starving.

You visited 8 branches of the dungeon, and saw 42 of its levels.
You visited the Abyss 1 time.
You also visited: Ice Cave and Volcano.

You collected 4958 gold pieces.
You spent 4494 gold pieces at shops.

Inventory:

Hand weapons
 t - a +3 blowgun
Missiles
 e - 6 curare-tipped needles
 K - 152 poisoned needles
Armour
 g - the -2 helmet of Conscience (worn) {rC++ Int+7}
   (You found it on level 2 of the Spider Nest)

   It affects your intelligence (+7).
   It greatly protects you from cold.
 i - a +2 buckler (worn)
 A - a +9 pearl dragon armour (worn)
 D - a +0 pair of boots (worn)
 U - a +2 pair of gloves (worn)
 W - a +0 cloak of invisibility (worn)
Magical staves
 a - an uncursed staff of energy (weapon) {!a}
 b - an uncursed staff of earth
 c - an uncursed staff of conjuration {!a}
Rods
 q - a +0 rod of destruction (9/9)
   (You found it on level 5 of the Shoals)
 Q - a +8 rod of inaccuracy (14/14)
   (You took it off a merfolk on level 5 of the Shoals)
Jewellery
 f - an uncursed ring of fire
 y - a ring of wizardry (right hand)
 B - an uncursed ring of magical power
 J - the amulet "Pryefyobaa" (around neck) {Clar rPois- rF+ rN+ MP+9 Stlth+}
   (You found it on level 4 of the Shoals)

   [amulet of clarity]

   It provides mental clarity.
   It protects you from fire.
   It makes you vulnerable to poison.
   It protects you from negative energy.
   It affects your magic capacity (+9).
   It makes you more stealthy.
 M - an uncursed ring of teleportation
 R - an uncursed amulet of resist mutation
 T - a ring of see invisible (left hand)
Magical devices
 l - a wand of fire (8)
 n - a wand of digging (10)
 H - a wand of hasting (5)
 N - a wand of fire (6)
 P - a wand of disintegration (19)
 S - a wand of heal wounds (4)
 X - a wand of cold (2)
Scrolls
 d - 5 scrolls of fear
 h - 3 scrolls of fog
 j - a scroll of remove curse
 k - a scroll of summoning
 m - 2 scrolls of blinking
 s - 4 scrolls of magic mapping
 x - 12 scrolls of teleportation
 F - 2 scrolls of silence
Potions
 p - 2 potions of resistance
 r - 2 potions of haste
 w - 4 potions of magic
 z - 10 potions of cancellation
 E - 14 potions of curing
 I - a potion of agility
 L - 13 potions of heal wounds
Miscellaneous
 u - a phial of floods
 V - a disc of storms
 Y - a crystal ball of energy
 Z - a lamp of fire
Comestibles
 o - 2 royal jellies
 v - 12 beef jerkies
 C - 2 meat rations
 O - 2 bread rations


   Skills:
 - Level 12.4 Fighting
 - Level 12.1 Staves
 - Level 11.1 Armour
 - Level 6.7 Dodging
 - Level 2.1 Stealth
 - Level 4.0 Shields
 - Level 11.0 Spellcasting
 - Level 18.4 Conjurations
 - Level 6.0 Charms
 - Level 2.0 Transmutations
 + Level 19.9 Earth Magic
 - Level 14.1 Evocations


You had 3 spell levels left.
You knew the following spells:

 Your Spells              Type           Power        Failure   Level  Hunger
a - Lehudib's Crystal Sp  Conj/Erth      #######...   4%          8    None
b - Stoneskin             Trmt/Erth      ######..     1%          2    None
c - Stone Arrow           Conj/Erth      ######       0%          3    None
d - Passwall              Trmt/Erth      ######....   1%          3    None
e - Petrify               Trmt/Erth      ######..     1%          4    None
f - Iskenderun's Mystic   Conj           #######.     1%          4    None
h - Lee's Rapid Deconstr  Erth           #######...   1%          5    None
i - Orb of Destruction    Conj           #######...   1%          7    None
j - Regeneration          Chrm/Necr      ####......   6%          3    None


Dungeon Overview and Level Annotations

Branches:
Dungeon (15/15)            Temple (1/1) D:7            Lair (8/8) D:9
 Shoals (5/5) Lair:4       Spider (5/5) Lair:5        Slime (0/6) Lair:7
    Orc (4/4) D:11            Elf (2/3) Orc:4        Vaults (2/5) D:13
  Crypt (0/3) Vaults:2     Depths (0/5) D:15

Altars:
Ashenzari
Cheibriados
Dithmenos
Elyvilon
Fedhas
Gozag
Kikubaaqudgha
Makhleb
Nemelex Xobeh
Okawaru
Qazlal
Ru
Sif Muna
Trog
Vehumet
Xom
Yredelemnul
Zin
The Shining One
Jiyva

Shops:
D:6 ?   Orc:2 *   Orc:4 [*?!}   Shoals:5 :   Vaults:1 (   Vaults:2 *

Portals:
Hell: Lair:8

Annotations:
Elf:1 food & rf++ spear
Elf:2 wands


Innate Abilities, Weirdness & Mutations

You are resistant to torment.
You are immune to poison.
You can fly continuously.
Your stone body is very resilient (AC +15).
Your wings are large and strong.
You resist negative energy.
You are resistant to electric shocks.
You can survive without breathing.
You are immune to petrification.
You are immune to rotting.


Message History

(D) Dungeon (T) Temple (L) Lair (A) Shoals (N) Spider Nest (M) Slime Pits (O) Orcish Mines (E) Elven Halls (V) Vaults (C) Crypt (U) Depths (H) Hell
Where to? (* - list waypoints, Enter - Vaults:2 @ (x,y), ? - help)
Okay, then.
Unknown command.
There is an open door here.
There is an open door here.
You are near starving!
(D) Dungeon (T) Temple (L) Lair (A) Shoals (N) Spider Nest (M) Slime Pits (O) Orcish Mines (E) Elven Halls (V) Vaults (C) Crypt (U) Depths (H) Hell
Where to? (* - list waypoints, Enter - Vaults:2 @ (x,y), ? - help)
There is an open door here.
There is a stone staircase leading down here.
Saving game... please wait.
Welcome back, abixa the Gargoyle Earth Elementalist.
Vehumet says: Let it end in hellfire!
Press ? for a list of commands and other information.
Are you sure you want to abandon this character and quit the game? (Confirm with "yes".)

#..# #.......#.8.## #..#
#.......#...#. #..# #.......#.###.
#..# #.......#.#... #..#
#.......#.#... #..# #.......#.#...
#..# #########.......#.###.
#..######## #.......#.......#.).#.
#..#......# #...@...#.......#..)##
#..#......# #.......#.......#..)))
#..#......# #.......#.......######
#..#..)...# #.......#...........∩.
#..#......# ##.....##.............
#..#......# ##...###.....#'######
#..##(###########'####.....#......#
#..........................#......#
#..........................#......#


There were no monsters in sight!

Vanquished Creatures
  Nikola (Shoals:3)
  Asterion (Spider:5)
  A deep elf blademaster (Elf:2)
  A kraken (Shoals:3)
  A sphinx (Vaults:2)
  Frances (Spider:2)
  Ilsuiw (Shoals:5)
  7 vault wardens
  Aizul (Elf:2)
  4 ghost moths
  5 emperor scorpions
  4 ironheart preservers
  A stone giant (Vaults:2)
  A white draconian (IceCv)
  A deep elf annihilator (Elf:1)
  10 vault guards
  Snorg (Lair:8)
  A merfolk javelineer (Shoals:5)
  A great orb of eyes (Vaults:1)
  6 merfolk impalers
  Josephine (Orc:2)
  A fire dragon (Vaults:1)
  4 yaktaur captains
  6 hydras
  An ice dragon (Vaults:2)
  8 ogre magi
  A merfolk avatar (Shoals:5)
  Erica (D:10)
  10 centaur warriors
  8 merfolk aquamancers
  13 dancing weapons (Elf:2)
  3 death yaks
  A deep troll shaman (Vaults:1)
  3 satyrs
  A tengu warrior (D:14)
  Urug (Spider:1)
  A sun demon (Lair:8)
  3 orc high priests (Orc:4)
  A catoblepas (D:13)
  A fire crab (Vaults:1)
  8 skeletal warriors
  13 deep elf knights
  3 unseen horrors
  A harpy (shapeshifter) (Vaults:1)
  3 flayed ghosts
  7 deep trolls
  13 orc knights
  Erolcha (Orc:2)
  6 deep elf summoners
  An ice statue (IceCv)
  13 sea snakes
  9 hill giants
  A large abomination (Elf:1)
  18 deep elf conjurers
  2 wizards
  12 harpies
  14 orb spiders
  37 wolf spiders
  17 ugly things
  14 griffons
  7 hornets
  3 necromancers
  6 orc sorcerers
  8 ironbrand convokers
  10 water nymphs
  A phantasmal warrior (Vaults:1)
  6 statues (Volcano)
  10 manticores
  8 sirens
  12 elephants
  An oklob plant (Lair:1)
  9 cyclopes
  7 black mambas
  A cyclops (shapeshifter) (D:15)
  A moth of wrath (Spider:4)
  2 fauns (Shoals:3)
  12 vault sentinels
  Joseph (Orc:2)
  A smoke demon (Lair:8)
  A torpor snail (Spider:3)
  The ghost of Vidiiot the Grappler, an experienced TrAM of Ru (D:7)
  A sixfirhy (Lair:8)
  3 orange demons
  7 fire drakes
  Psyche (D:10)
  21 spiny frogs
  A komodo dragon (shapeshifter) (D:14)
  20 yaktaurs
  A naga mage (D:15)
  2 kobold demonologists
  7 deep elf priests (Elf:2)
  7 gargoyles
  A tengu conjurer (D:14)
  A yaktaur (shapeshifter) (D:13)
  A spriggan druid (Lair:8)
  A redback zombie (D:15)
  3 red devils (Lair:8)
  21 demonic crawlers
  40 jumping spiders
  4 trolls
  3 wandering mushrooms (Lair:8)
  A freezing wraith (D:15)
  24 merfolk
  11 komodo dragons
  15 polar bears
  A tengu simulacrum (Vaults:1)
  Sonja (D:10)
  A baby alligator (shapeshifter) (D:15)
  19 slime creatures
  3 wind drakes
  9 snapping turtles
  Prince Ribbit (D:6)
  12 two-headed ogres
  4 blue devils (Lair:8)
  11 boulder beetles
  2 ravens (D:14)
  A fire giant simulacrum (Vaults:1)
  A spriggan (D:9)
  2 basilisks
  2 trapdoor spider zombies
  19 trapdoor spiders
  14 blink frogs
  2 shadows
  2 flying skulls (D:12)
  3 wraiths
  29 tarantellas
  15 water elementals
  A spriggan (shapeshifter) (D:13)
  76 redbacks
  A vampire (D:12)
  A wolf spider simulacrum (D:14)
  A human (shapeshifter) (D:15)
  2 centaur simulacra (D:15)
  16 hippogriffs
  A chaos spawn (Orc:4)
  21 deep elf fighters
  3 steam dragons
  22 deep elf magi
  A warg (shapeshifter) (Vaults:1)
  44 yaks
  5 wargs
  2 fire bats (Volcano)
  A mottled dragon (shapeshifter) (D:15)
  13 vampire mosquitoes
  5 wyverns
  A soldier ant (D:13)
  Edmund (D:8)
  A hungry ghost (D:15)
  4 mottled dragons
  18 wolves
  9 ice beasts
  A swamp drake (D:11)
  49 spiders
  10 porcupines
  9 water moccasins
  A sky beast (D:7)
  38 orc warriors
  3 phantoms
  27 ogres
  9 wasps
  A boggart (Elf:1)
  13 centaurs
  7 necrophages (D:12)
  2 boring beetles
  20 crocodiles
  4 big kobolds
  26 giant frogs
  5 scorpions
  A wyvern skeleton (D:8)
  9 killer bees (D:9)
  25 wights
  3 goliath beetles
  2 electric eels (Lair:8)
  11 crimson imps
  2 giant frog zombies
  A quasit (D:12)
  6 centaur zombies
  41 orc priests
  4 jellies
  Crazy Yiuf (D:4)
  8 centaur skeletons
  12 iguanas
  11 hounds
  7 lava snakes (Volcano)
  10 giant frog skeletons
  45 orc wizards
  8 worker ants
  Natasha (D:3)
  A troll simulacrum (Orc:2)
  10 hell rats
  2 killer bee zombies
  47 sheep
  The ghost of Vidiiot the Caller, a weakling TrSu (D:3)
  A hound zombie (D:11)
  A hound skeleton (D:9)
  4 gnolls
  2 worker ant zombies (D:8)
  35 adders
  83 river rats
  4 shadow imps
  3 giant mites
  2 adder skeletons
  An adder zombie (D:8)
  An orc simulacrum (Orc:2)
  3 giant geckos
  251 orcs
  A bat skeleton (D:6)
  3 giant cockroaches
  14 goblins
  25 hobgoblins
  19 jackals
  33 kobolds
  15 quokkas
  23 bats
  4 giant newts
  A giant spore (D:14)
  A goblin simulacrum (Orc:2)
  2 orc skeletons (Orc:2)
  14 rats
  4 ballistomycetes (D:14)
  A crawling corpse (Elf:2)
  4 plants
  A tentacle (Shoals:3)
2071 creatures vanquished.

Vanquished Creatures (others)
  A faun (Shoals:3)
  2 fire elementals (Lair:8)
  A deep elf fighter (Elf:1)
  A wasp (Spider:5)
  An orc warrior (Orc:4)
  An ogre (Vaults:1)
  An orc wizard (Orc:4)
  2 orcs
  A goblin (Orc:2)
  10 fungi
  6 plants
  4 tentacles (Shoals:3)
  144 tentacle segments (Shoals:3)
175 creatures vanquished.

Grand Total: 2246 creatures vanquished

Notes
Turn   | Place    | Note
--------------------------------------------------------------
     0 | D:1      | abixa, the Gargoyle Earth Elementalist, began the quest for the Orb.
     0 | D:1      | Reached XP level 1. HP: 10/10 MP: 3/3
   225 | D:1      | Reached skill level 4 in Earth Magic
   359 | D:1      | Reached XP level 2. HP: 15/15 MP: 4/4
   679 | D:1      | Reached XP level 3. HP: 19/19 MP: 6/6
   704 | D:1      | Reached skill level 5 in Earth Magic
   714 | D:1      | Learned a level 2 spell: Stoneskin
  1278 | D:2      | Found a blossoming altar of Fedhas.
  1290 | D:2      | Reached XP level 4. HP: 24/24 MP: 4/7
  1603 | D:3      | Reached skill level 6 in Earth Magic
  1863 | D:3      | Noticed Natasha
  2057 | D:3      | Killed Natasha
  2214 | D:3      | Found a shadowy altar of Dithmenos.
  2334 | D:3      | Noticed Vidiiot's ghost (weakling TrSu)
  2342 | D:3      | Killed Vidiiot's ghost
  2342 | D:3      | Reached XP level 5. HP: 28/28 MP: 2/9
  2468 | D:3      | Reached skill level 7 in Earth Magic
  2473 | D:3      | Learned a level 3 spell: Stone Arrow
  2869 | D:4      | Reached skill level 1 in Conjurations
  3001 | D:4      | Reached XP level 6. HP: 32/32 MP: 5/10
  3339 | D:4      | Noticed Crazy Yiuf
  3343 | D:4      | Killed Crazy Yiuf
  3413 | D:5      | Entered Level 5 of the Dungeon
  3709 | D:5      | Found an ancient bone altar of Kikubaaqudgha.
  3714 | D:5      | Found a basalt altar of Yredelemnul.
  3774 | D:5      | Reached XP level 7. HP: 35/37 MP: 3/12
  3933 | D:5      | Reached skill level 1 in Fighting
  4218 | D:5      | Reached skill level 1 in Transmutations
  4365 | D:5      | Found a sparkling altar of Nemelex Xobeh.
  4654 | D:6      | Reached skill level 8 in Earth Magic
  4673 | D:5      | Learned a level 4 spell: Petrify
  4815 | D:6      | Reached skill level 5 in Conjurations
  5004 | D:6      | Reached XP level 8. HP: 47/47 MP: 13/13
  5187 | D:6      | Reached skill level 1 in Armour
  5284 | D:6      | Noticed Prince Ribbit
  5644 | D:6      | Found Toisoe's Magic Scroll Shop.
  6264 | D:7      | Found a staircase to the Ecumenical Temple.
  6276 | Temple   | Entered the Ecumenical Temple
  6340 | Temple   | Became a worshipper of Vehumet
  6650 | D:7      | Reached skill level 5 in Fighting
  6839 | D:7      | Reached XP level 9. HP: 50/54 MP: 14/14
  6906 | D:7      | Reached skill level 9 in Earth Magic
  6957 | D:7      | Noticed Vidiiot's ghost (experienced TrAM)
  7292 | D:6      | Killed Prince Ribbit
  7517 | D:7      | Acquired Vehumet's first power
  7517 | D:7      | Offered knowledge of Shock by Vehumet.
  7611 | D:7      | Found a burning altar of Makhleb.
  8214 | D:8      | Learned a level 3 spell: Passwall
  8257 | D:8      | Found a bloodstained altar of Trog.
  9014 | D:8      | Offered knowledge of Throw Frost by Vehumet.
  9169 | D:8      | Reached skill level 10 in Earth Magic
  9592 | D:8      | Noticed Edmund
  9637 | D:8      | Killed Edmund
  9637 | D:8      | Reached XP level 10. HP: 58/60 MP: 20/20
  9712 | D:8      | Reached skill level 5 in Armour
  9921 | D:8      | Offered knowledge of Dazzling Spray by Vehumet.
 10306 | D:8      | Acquired Vehumet's second power
 10514 | D:9      | Reached skill level 11 in Earth Magic
 11112 | D:9      | Offered knowledge of Inner Flame by Vehumet.
 11404 | D:9      | Found a staircase to the Lair.
 11457 | Lair:1   | Entered Level 1 of the Lair of Beasts
 11601 | Lair:1   | Noticed a black mamba
 11607 | Lair:1   | Killed a black mamba
 11647 | Lair:1   | Reached XP level 11. HP: 55/68 MP: 13/21
 11651 | Lair:1   | Reached skill level 12 in Earth Magic
 11797 | Lair:1   | Noticed an oklob plant
 11888 | Lair:2   | Found a dark tunnel.
 11909 | Lair:2   | Acquired Vehumet's third power
 11940 | Volcano  | Entered a volcano
 12050 | Volcano  | Offered knowledge of Iskenderun's Mystic Blast by Vehumet.
 12488 | Volcano  | Found an iron altar of Okawaru.
 12488 | Volcano  | Noticed a hill giant
 12488 | Volcano  | Noticed an ogre mage
 12524 | Volcano  | Cast into the Abyss (an ogre mage)
 12578 | Volcano  | Escaped the Abyss
 12580 | Volcano  | Killed an ogre mage
 12738 | Volcano  | Reached skill level 5 in Spellcasting
 12868 | Volcano  | Killed a hill giant
 13039 | Lair:2   | Learned a level 4 spell: Iskenderun's Mystic Blast
 13175 | Lair:1   | Learned a level 5 spell: Lee's Rapid Deconstruction
 13185 | Lair:1   | Reached XP level 12. HP: 57/76 MP: 22/26
 13758 | Lair:1   | Found a glowing golden altar of the Shining One.
 13765 | Lair:1   | Killed an oklob plant
 14203 | Lair:2   | Noticed a seven-headed hydra
 14208 | Lair:2   | Killed a seven-headed hydra
 14686 | Lair:2   | Noticed a black mamba
 14690 | Lair:2   | Killed a black mamba
 14983 | Lair:3   | Reached skill level 13 in Earth Magic
 15085 | Lair:3   | Offered knowledge of Force Lance by Vehumet.
 15252 | Lair:3   | Reached skill level 10 in Fighting
 15278 | Lair:3   | Noticed a five-headed hydra
 15290 | Lair:3   | Killed a five-headed hydra
 15614 | Lair:3   | Learned a level 4 spell: Force Lance
 15731 | Lair:3   | Got a twitching granite ring
 16067 | Lair:3   | Noticed a four-headed hydra
 16073 | Lair:3   | Killed a four-headed hydra
 16448 | Lair:4   | Identified the ring of the Last Wishes {rPois+ Str+4} (You found it on level 3 of the Lair of Beasts)
 16505 | Lair:4   | Found a staircase to the Shoals.
 16983 | Lair:4   | Reached XP level 13. HP: 83/83 MP: 29/29
 17994 | D:10     | Entered Level 10 of the Dungeon
 18004 | D:10     | Noticed Psyche
 18162 | D:10     | Offered knowledge of Bolt of Cold by Vehumet.
 18235 | D:10     | Noticed Erica
 18240 | D:10     | Killed Erica
 18377 | D:10     | Killed Psyche
 18414 | D:10     | Noticed Sonja
 18441 | D:10     | Killed Sonja
 19405 | Lair:5   | Reached skill level 5 in Evocations
 20215 | Lair:5   | Found a hole to the Spider Nest.
 21114 | Lair:6   | Found a frozen archway.
 21321 | IceCv    | Entered an ice cave
 21335 | IceCv    | Offered knowledge of Lightning Bolt by Vehumet.
 21864 | IceCv    | Reached skill level 10 in Evocations
 21869 | IceCv    | Gained mutation: Your wings are large and strong. [gargoyle growth]
 21869 | IceCv    | Reached XP level 14. HP: 88/88 MP: 25/30
 22332 | IceCv    | Noticed a white draconian
 22450 | IceCv    | Killed a white draconian
 23399 | Lair:6   | Reached skill level 1 in Staves
 24059 | Lair:7   | Found a staircase to the Slime Pits.
 24059 | Lair:7   | Found a viscous altar of Jiyva.
 24723 | Lair:7   | Offered knowledge of Conjure Ball Lightning by Vehumet.
 24999 | Lair:7   | Reached skill level 5 in Staves
 25243 | Lair:8   | Entered Level 8 of the Lair of Beasts
 25833 | Lair:8   | Got a dazzling flail
 25856 | Lair:8   | Noticed Snorg
 25931 | Lair:8   | Killed Snorg
 26698 | Lair:8   | Offered knowledge of Orb of Destruction by Vehumet.
 27925 | Lair:8   | Found a burning altar of Makhleb.
 27951 | Lair:8   | Reached skill level 10 in Spellcasting
 28573 | Lair:8   | Found a gateway to Hell.
 28853 | Lair:2   | Identified the cursed +2 flail "Lerchek" {crush, *Rage Int+4 Dex+3} (You found it on level 8 of the Lair of Beasts)
 28872 | Lair:2   | Learned a level 7 spell: Orb of Destruction
 29018 | D:11     | Reached XP level 15. HP: 93/93 MP: 33/33
 29334 | D:11     | Got a fine blowgun
 29759 | D:11     | Found a staircase to the Orcish Mines.
 29905 | Orc:1    | Entered Level 1 of the Orcish Mines
 30148 | Orc:1    | Offered knowledge of Poisonous Cloud by Vehumet.
 30378 | Orc:1    | Found a shimmering altar of Xom.
 30529 | Orc:2    | Noticed Josephine
 30534 | Orc:2    | Killed Josephine
 30610 | Orc:2    | Noticed Erolcha
 30734 | Orc:2    | Noticed Joseph
 30748 | Orc:2    | Killed Joseph
 31085 | Orc:3    | Offered knowledge of Bolt of Fire by Vehumet.
 31444 | Orc:4    | Entered Level 4 of the Orcish Mines
 31643 | Orc:4    | Found Atines' Armour Shop.
 32853 | Orc:4    | Reached skill level 10 in Conjurations
 32911 | Orc:4    | Paralysed by an orc sorcerer for 2 turns
 33017 | Orc:4    | Found Qieck's Gadget Boutique.
 33017 | Orc:4    | Found Henec's Magic Scroll Boutique.
 33017 | Orc:4    | Found Psaarch's Assorted Antiques.
 33017 | Orc:4    | Found Mairhemash's Distillery.
 33219 | Orc:4    | Offered knowledge of Lehudib's Crystal Spear by Vehumet.
 33219 | Orc:4    | Offered knowledge of Chain Lightning by Vehumet.
 33219 | Orc:4    | Offered knowledge of Tornado by Vehumet.
 33275 | Orc:4    | Found a staircase to the Elven Halls.
 33716 | Orc:4    | Bought a disc of storms for 240 gold pieces
 33926 | Orc:2    | Killed Erolcha
 34386 | Orc:2    | Found Zuwaum's Assorted Antiques.
 35223 | D:12     | Identified the cursed -3 blowgun of the Eel {evade, Dex+3 SInv} (You found it on level 11 of the Dungeon)
 36634 | D:13     | Found a gate to the Vaults.
 37234 | D:14     | Reached XP level 16. HP: 80/99 MP: 34/34
 37979 | D:14     | Got a pitted dire flail
 38387 | D:14     | Reached skill level 10 in Armour
 38437 | D:15     | Entered Level 15 of the Dungeon
 39220 | D:15     | Identified the cursed +3 dire flail of Summertime {antimagic, rPois+ rC+} (You found it on level 14 of the Dungeon)
 39262 | D:15     | Reached skill level 5 in Dodging
 40221 | D:15     | Found a staircase to the Depths.
 40466 | Lair:2   | Upgraded the game from 0.16-a0-3770-gc215ce9 to 0.16-a0-3789-g74483ed
 40609 | Spider:1 | Entered Level 1 of the Spider Nest
 41047 | Spider:1 | Noticed Urug
 41069 | Spider:1 | Killed Urug
 41487 | Spider:1 | Reached skill level 10 in Staves
 42222 | Spider:1 | Reached XP level 17. HP: 102/104 MP: 35/35
 43040 | Orc:4    | Bought a pearl dragon armour for 3300 gold pieces
 43487 | Spider:2 | Got a slimy helmet
 43794 | Spider:2 | Noticed Frances
 44427 | Shoals:1 | Entered Level 1 of the Shoals
 45121 | Shoals:1 | Got an ichor-stained dagger
 47210 | Shoals:2 | Identified the cursed -2 helmet of Conscience {rC++ Int+7} (You found it on level 2 of the Spider Nest)
 47235 | Shoals:2 | Identified the +9 dagger "Ineil" {pierce, *Rage Noisy rPois+ Int+7 Dex+2 Stlth+} (You found it on level 1 of the Shoals)
 47587 | Shoals:3 | Noticed Nikola
 47596 | Shoals:3 | Killed Nikola
 47751 | Shoals:3 | Got a scorched spear
 47918 | Lair:2   | Identified the cursed +3 spear of Ymimnul {freeze, -Tele rF++} (You found it on level 3 of the Shoals)
 48176 | D:6      | Bought a scroll of identify for 22 gold pieces
 48176 | D:6      | Bought 2 scrolls of identify for 44 gold pieces
 48176 | D:6      | Bought a scroll of enchant armour for 82 gold pieces
 48176 | D:6      | Bought a scroll of enchant armour for 82 gold pieces
 48178 | D:6      | Identified a scroll of acquirement
 48441 | Orc:4    | Bought a scroll of enchant armour for 97 gold pieces
 48441 | Orc:4    | Bought a scroll of identify for 26 gold pieces
 48441 | Orc:4    | Bought a scroll of identify for 26 gold pieces
 48855 | Shoals:4 | Got a vibrating jade amulet
 48871 | Shoals:4 | Identified the amulet "Pryefyobaa" {Clar rPois- rF+ rN+ MP+9 Stlth+} (You found it on level 4 of the Shoals)
 49009 | Shoals:4 | Got a heavily runed ring mail
 49026 | Shoals:4 | Reached skill level 14 in Conjurations
 49438 | Shoals:3 | Reached XP level 18. HP: 54/112 MP: 15/35
 50144 | Shoals:4 | Got an iridescent short sword
 50686 | Shoals:5 | Entered Level 5 of the Shoals
 50686 | Shoals:5 | Found Kymanwu's Book Shoppe.
 50771 | Shoals:4 | Identified the cursed +0 ring mail of the Solstice {rPois+ Str+4 Dex+4} (You found it on level 4 of the Shoals)
 50771 | Shoals:4 | Identified a +0 rod of destruction (9/9) (You found it on level 5 of the Shoals)
 50772 | Shoals:4 | Identified the +7 short sword "Emeusm" {pain, rPois+ rF+ rC+ MR- MP+9} (You found it on level 4 of the Shoals)
 51218 | Shoals:5 | Got a barnacled rune of Zot
 51342 | Shoals:5 | Noticed Ilsuiw
 52054 | Shoals:5 | Killed Ilsuiw
 52056 | Shoals:5 | Got a warped battleaxe
 52790 | Shoals:5 | Identified the +4 battleaxe of Guile {drain, +Fly MP+9 Stlth+} (You took it off Ilsuiw on level 5 of the Shoals)
 53153 | D:7      | Killed Vidiiot's ghost
 53326 | Lair:2   | Identified a +8 rod of inaccuracy (14/14) (You took it off a merfolk on level 5 of the Shoals)
 53641 | Spider:2 | Killed Frances
 53980 | Spider:3 | Reached skill level 15 in Conjurations
 54196 | Spider:3 | Got a fine helmet
 55344 | Spider:4 | Identified the +1 helmet of Distant Shores {rF++ rC+ Str+2 Slay-3} (You found it on level 3 of the Spider Nest)
 55723 | Spider:4 | Reached skill level 16 in Conjurations
 55784 | Spider:4 | Learned a level 3 spell: Regeneration
 56519 | Spider:5 | Entered Level 5 of the Spider Nest
 56879 | Spider:5 | Noticed Asterion
 56954 | Spider:5 | Killed Asterion
 57202 | Spider:5 | Reached XP level 19. HP: 117/117 MP: 36/36
 57216 | Spider:5 | Reached skill level 17 in Conjurations
 58741 | Spider:4 | Reached skill level 18 in Conjurations
 59482 | Spider:5 | Got a gossamer rune of Zot
 60275 | Elf:1    | Entered Level 1 of the Elven Halls
 60397 | Elf:1    | Reached skill level 1 in Charms
 61475 | Elf:2    | Noticed Aizul
 61489 | Elf:2    | Killed Aizul
 61638 | Elf:2    | Reached skill level 5 in Charms
 62520 | Elf:2    | Found a huge runed gate.
 62523 | Elf:2    | Found a huge runed gate.
 62529 | Elf:2    | Found a huge runed gate.
 62529 | Elf:2    | Found a huge runed gate.
 62530 | Elf:2    | Found a huge runed gate.
 63659 | Elf:2    | Reached XP level 20. HP: 121/123 MP: 37/37
 63958 | Elf:2    | Reached skill level 15 in Earth Magic
 64539 | Vaults:1 | Entered Level 1 of the Vaults
 65190 | Lair:2   | Learned a level 8 spell: Lehudib's Crystal Spear
 65425 | Orc:4    | Bought 2 scrolls of enchant armour for 495 gold pieces
 65430 | Orc:4    | Bought a scroll of identify for 26 gold pieces
 65491 | Orc:2    | Bought a scroll of identify for 54 gold pieces
 66658 | Vaults:1 | Found Kat Thua's Antique Weapon Emporium.
 68111 | Vaults:1 | Got a smoking leather armour
 68571 | Vaults:1 | Upgraded the game from 0.16-a0-3789-g74483ed to 0.16-a0-3807-g3748f16
 69831 | Vaults:2 | Identified the cursed -3 leather armour "Qiuroefi" {+Blink +Inv MR+ Dex+2} (You found it on level 1 of the Vaults)
 69974 | Vaults:2 | Found Tyclefat's Assorted Antiques.
 70345 | Vaults:2 | Found a staircase to the Crypt.
 70345 | Vaults:2 | Found a basalt altar of Yredelemnul.
 70347 | Vaults:2 | Found an ancient bone altar of Kikubaaqudgha.
 70483 | Vaults:2 | Reached skill level 19 in Earth Magic
 70682 | Vaults:2 | Reached XP level 21. HP: 120/128 MP: 37/37
 71910 | Vaults:2 | Upgraded the game from 0.16-a0-3807-g3748f16 to 0.16-a0-3820-g492871e
 71910 | Vaults:2 | Quit the game

Action                   |  1- 3 |  4- 6 |  7- 9 | 10-12 | 13-15 | 16-18 | 19-21 || total
-------------------------+-------+-------+-------+-------+-------+-------+-------++-------
Melee: Unarmed           |     7 |       |       |       |       |       |       ||     7
       Dagger            |       |    30 |   398 |   393 |    82 |       |       ||   903
       Quarterstaff      |       |       |    20 |       |       |       |       ||    20
       Staff             |       |       |     1 |       |  1003 |  1474 |   908 ||  3386
       Trident           |       |       |       |    22 |       |       |       ||    22
 Fire: Hunting sling     |    56 |   106 |   188 |    72 |    53 |    14 |       ||   489
       Blowgun           |       |       |    16 |    15 |       |     2 |     6 ||    39
Throw: Stone             |       |       |     3 |     5 |    10 |       |       ||    18
       Tomahawk          |       |       |     2 |       |       |       |       ||     2
 Cast: Sandblast         |    23 |    45 |    83 |   190 |   114 |    77 |       ||   532
       Stoneskin         |       |       |     4 |    16 |   102 |    91 |    52 ||   265
       Stone Arrow       |       |       |     3 |   178 |   589 |   612 |   262 ||  1644
       Petrify           |       |       |       |     2 |    11 |    16 |       ||    29
       Lee's Rapid Decon |       |       |       |     2 |    93 |    40 |    81 ||   216
       Iskenderun's Myst |       |       |       |       |    31 |   141 |    93 ||   265
       Force Lance       |       |       |       |       |     3 |       |       ||     3
       Passwall          |       |       |       |       |       |     1 |       ||     1
       Orb of Destructio |       |       |       |       |       |    19 |    43 ||    62
       Lehudib's Crystal |       |       |       |       |       |       |    78 ||    78
 Abil: Fly               |       |       |       |       |     1 |     2 |       ||     3
       Stop Flying       |       |       |       |       |       |     2 |       ||     2
       Evoke Invisibilit |       |       |       |       |       |       |     5 ||     5
Evoke: Wand              |       |       |       |     6 |     2 |       |       ||     8
       Lamp of fire      |       |       |       |       |     2 |       |       ||     2
       Disc of storms    |       |       |       |       |     2 |       |     2 ||     4
       Rod               |       |       |       |       |       |     2 |       ||     2
       Staff of energy   |       |       |       |       |       |       |     6 ||     6
  Use: Scroll            |       |       |     7 |     5 |    11 |    26 |    15 ||    64
       Potion            |       |       |     1 |       |       |       |       ||     1
 Stab: Sleeping          |       |       |       |       |     3 |     3 |       ||     6
       Distracted        |       |       |       |       |     1 |       |       ||     1
       Petrified         |       |       |       |       |       |     7 |       ||     7
       Petrifying        |       |       |       |       |       |     1 |       ||     1
       Invisible         |       |       |       |       |       |       |     2 ||     2
  Eat: Chunk             |     1 |     9 |    20 |    27 |    80 |    76 |    57 ||   270
       Beef jerky        |       |       |       |     1 |     1 |     1 |     3 ||     6
       Fruit             |       |       |       |       |     3 |     1 |     1 ||     5
